 Dungeon Crawl Stone Soup version 0.28-a0-1184-g53156a8862 (webtiles) character file.

Game seed: 3391771138702594486

6341 timneilson the Schismatic (level 10, -4/73 (82) HPs)
             Began as a Demonspawn Abyssal Knight on Dec 17, 2021.
             Was an Elder of Lugonu.
             Slain by Prince Ribbit (9 damage)
             ... on level 9 of the Dungeon on Dec 18, 2021.
             The game lasted 00:21:33 (7797 turns).

timneilson the Schismatic (DsAK)                    Turns: 7797, Time: 00:21:34

HP:   -4/73 (82)    AC: 18    Str: 18    XL:     10   Next: 64%
MP:   17/17         EV:  7    Int: 11    God:    Lugonu [****..]
Gold: 1887          SH:  5    Dex: 14    Spells: 9/9 levels left

rFire   . . .      SeeInvis .   a - +2 falchion (flame)
rCold   . . .      Faith    .   b - +0 buckler
rNeg    . . .      Spirit   .   t - +0 plate armour
rPois   +          Reflect  .   (no helmet)
rElec   .          Harm     .   m - +0 cloak {rPois}
rCorr   .          Rampage  .   (gloves unavailable)
Will    .....                   j - +2 pair of boots
Stlth   ..........              (no amulet)
HPRegen 0.22/turn               l - ring of poison resistance
MPRegen 0.30/turn               (no ring)

@: slowed, studying 2 skills, heavily drained, very slow
A: rugged brown scales 1, powered by death 2, magic regeneration, demonic touch
3
a: Renounce Religion, Depart the Abyss, Bend Space, Banish, Corrupt


You were on level 9 of the Dungeon.
You worshipped Lugonu.
Lugonu was greatly pleased with you.
You visited 1 branch of the dungeon, and saw 9 of its levels.
You visited the Abyss 1 time.

You collected 1887 gold pieces.

Inventory:

Hand Weapons
 a - a +2 falchion of flaming (weapon)
Armour
 b - a +0 buckler (worn)
 j - a +2 pair of boots (worn)
 k - a +0 tower shield
 m - a +0 cloak of poison resistance (worn)
 t - a +0 plate armour (worn)
Jewellery
 l - a ring of poison resistance (left hand)
Wands
 c - a wand of acid (9)
 n - a wand of digging (5)
Scrolls
 e - 6 scrolls of enchant armour
 f - 3 scrolls of teleportation
 h - a scroll of fog
 i - a scroll of silence
 p - 2 scrolls of fear
 v - a scroll of enchant weapon
 y - a scroll of torment {unknown}
Potions
 g - 3 potions of brilliance {unknown}
 o - 2 potions of heal wounds {unknown}
 q - a potion of flight
 r - a potion of haste
 s - a potion of magic
 w - 3 potions of curing
 x - a potion of invisibility


   Skills:
 + Level 7.7 Fighting
 * Level 7.0 Long Blades
 * Level 7.1 Armour
 + Level 4.6 Dodging
 * Level 6.3 Shields
 + Level 9.6 Invocations
 + Level 4.9 Evocations


You had 9 spell levels left.
You didn't know any spells.
Your spell library contained the following spells:

 Spells                   Type           Power      Damage    Failure   Level
 Blink                    Tloc           0%         N/A       100%        2
 Ensorcelled Hibernation  Hex/Ice        0%         N/A       100%        2
 Scorch                   Fire           0%         2d5       100%        2
 Tukima's Dance           Hex            0%         N/A       100%        3
 Flame Wave               Conj/Fire      0%         2d4       100%        4
 Manifold Assault         Tloc           0%         N/A       100%        5
 Summon Cactus Giant      Summ           0%         N/A       100%        6
 Storm Form               Tmut/Air       0%         N/A       100%        7


Dungeon Overview and Level Annotations

Branches:
Dungeon (9/15)             Temple (0/1) D:6            Lair (0/6) D:9
    Orc: D:9-12

Altars:
Dithmenos
Fedhas
Gozag
Hepliaklqana
Kikubaaqudgha
Okawaru
Sif Muna
Wu Jian

Shops:
D:4 ?   D:6 *

Annotations:
D:9 Prince Ribbit


Innate Abilities, Weirdness & Mutations

You are partially covered in rugged brown scales. (AC +1, +3% HP)
You regenerate health from kills.
You regenerate magic rapidly.
Your touch may irresistibly damage your foes and sap their willpower.


Message History

The wyvern is severely wounded.
The wyvern barely misses you.
You hit the wyvern but do no damage.
The wyvern is severely wounded.
The wyvern barely misses you. The wraith hits you but does no damage.
You hit the wyvern. You burn the wyvern.
The wyvern is almost dead.
You block the wyvern's attack. The wraith hits you but does no damage.
The wyvern misses you.
You hit the wyvern. You burn the wyvern.
You kill the wyvern!
Lugonu accepts your kill.
Prince Ribbit blinks!
You block the wraith's attack.
Your Long Blades skill increases to level 7!
You barely miss the wraith. The wraith hits you but does no damage.
Your plate armour prevents you from hitting the wraith.
The wraith hits you!
* * * LOW HITPOINT WARNING * * *
The wraith drains your vigour!
You feel yourself slow down.
You hit the wraith but do no damage. You block the wraith's attack.
You hit the wraith. You burn the wraith.
The wraith is lightly damaged.
The wraith hits you.
* * * LOW HITPOINT WARNING * * *
Prince Ribbit blinks!
You slash the wraith! You burn the wraith.
The wraith is heavily damaged.
Prince Ribbit hops awkwardly around.
The wraith closely misses you. The wraith hits you but does no damage.
You slash the wraith! You burn the wraith.
The wraith is almost destroyed.
You block the wraith's attack.
You barely miss the wraith.
The wraith is almost destroyed.
The wraith hits you.
* * * LOW HITPOINT WARNING * * *
The wraith drains your vigour!
You feel as though you will be slow longer.
The wraith barely misses you. Prince Ribbit hits you!
You die...

...... .. ...!.. ...
......######'##
#.............#
#.............#
..............#
........F.....#
#.@W...... ....>..
......#.##...... .......
#####.#..#.....# .......
#.#..#.....# .......
#.#..#.....####.....
#.#..#..............
#.#..+..............
######.#..#..............
.......#.+#..............


You could see Prince Ribbit and a wraith.

Vanquished Creatures
  Pikel (D:5)
  A hornet (D:8)
  5 yaks (D:7)
  Eustachio (D:5)
  A wyvern (D:9)
  3 wargs (D:8)
  A water moccasin (D:8)
  4 orc warriors
  A black bear (D:5)
  An ice beast (D:5)
  A necrophage (D:7)
  5 ogres
  2 centaurs
  2 phantoms
  2 lemures (D:5)
  A kobold brigand (D:5)
  3 bullfrogs
  2 scorpions
  A gnoll sergeant (D:5)
  A wyvern zombie (D:4)
  A water moccasin zombie (D:5)
  11 wights
  2 howler monkeys
  7 orc priests
  3 bullfrog zombies (D:5)
  Crazy Yiuf (D:5)
  4 bullfrog skeletons (D:5)
  2 hounds
  A jelly (D:6)
  3 centaur zombies
  A gnoll shaman (D:5)
  An iguana (D:6)
  Ijyb (D:3)
  Terence (D:3)
  4 orc wizards
  3 howler monkey zombies
  15 gnolls
  8 adders
  2 white imps
  2 worms (D:2)
  4 dart slugs
  17 orcs
  8 ball pythons
  4 bats
  9 endoplasms
  2 giant cockroaches
  13 goblins
  13 hobgoblins
  4 jackals (D:1)
  5 quokkas
  2 frilled lizards (D:2)
  9 kobolds
  4 rats
206 creatures vanquished.

Notes
Turn   | Place    | Note
-------+----------+-------------------------------------------
     0 | Abyss:1  | timneilson the Demonspawn Abyssal Knight began the quest
                  | for the Orb.
     0 | Abyss:1  | Reached XP level 1. HP: 18/18 MP: 2/2
    72 | Abyss:2  | Found a corrupted altar of Lugonu.
    76 | Abyss:2  | Identified the +2 leather armour of the Crushed Artists
                  | {-Cast +Blink Regen+ rCorr Dex+4}
   118 | Abyss:2  | Noticed a sun demon
   119 | D:1      | Escaped the Abyss
   241 | D:1      | Reached skill level 1 in Dodging
   265 | D:1      | Gained mutation: You regenerate a little health from kills.
                  | [demonic ancestry]
   265 | D:1      | Reached XP level 2. HP: 19/24 MP: 3/3
   272 | D:1      | Reached * piety under Lugonu
   532 | D:1      | Reached XP level 3. HP: 29/29 MP: 5/5
  1039 | D:2      | Reached ** piety under Lugonu
  1040 | D:2      | Gained mutation: Your touch may inflict minor irresistible
                  | damage on your foes. [demonic ancestry]
  1040 | D:2      | Reached XP level 4. HP: 34/35 MP: 6/6
  1065 | D:2      | Reached skill level 3 in Invocations
  1115 | D:2      | Found a faded altar of an unknown god.
  1523 | D:2      | Identified 3 scrolls of acquirement
  1523 | D:2      | Acquired a manual of Invocations
  1525 | D:2      | Acquired 553 gold pieces
  1527 | D:2      | Acquired a manual of Fighting
  1707 | D:3      | Found an iron altar of Okawaru.
  1744 | D:3      | Found an ornate altar of the Wu Jian Council.
  1884 | D:3      | Noticed Terence
  1891 | D:3      | Killed Terence
  1892 | D:3      | Gained mutation: Your touch may inflict irresistible damage
                  | on your foes. [demonic ancestry]
  1892 | D:3      | Reached XP level 5. HP: 33/41 MP: 7/7
  1974 | D:3      | Reached skill level 1 in Evocations
  2159 | D:3      | Noticed Ijyb
  2167 | D:3      | Killed Ijyb
  2168 | D:3      | Reached skill level 1 in Shields
  2805 | D:4      | Reached skill level 4 in Invocations
  2805 | D:4      | Gained mutation: Your touch may irresistibly damage your
                  | foes and sap their willpower. [demonic ancestry]
  2805 | D:4      | Reached XP level 6. HP: 45/48 MP: 7/9
  2830 | D:4      | Found an opulent altar of Gozag.
  2832 | D:4      | Found a blossoming altar of Fedhas.
  2910 | D:4      | Reached *** piety under Lugonu
  2999 | D:4      | Found Feocieff's Magic Scroll Shoppe.
  3192 | D:4      | Reached XP level 7. HP: 54/54 MP: 10/10
  3279 | D:5      | Entered Level 5 of the Dungeon
  3348 | D:5      | Reached skill level 5 in Invocations
  3480 | D:5      | Found a shadowy altar of Dithmenos.
  3746 | D:5      | Gained mutation: You are partially covered in rugged brown
                  | scales. (AC +1, +3% HP) [demonic ancestry]
  3746 | D:5      | Reached XP level 8. HP: 46/62 MP: 12/12
  3750 | D:5      | HP: 3/62 [ogre (21)]
  3784 | D:5      | Reached skill level 5 in Fighting
  3816 | D:5      | Reached skill level 6 in Invocations
  3965 | D:5      | Noticed Pikel
  3996 | D:5      | Killed Pikel
  3997 | D:5      | Reached skill level 5 in Long Blades
  3997 | D:5      | Reached skill level 5 in Armour
  4044 | D:5      | Noticed Eustachio
  4061 | D:5      | Killed Eustachio
  4062 | D:5      | Reached skill level 7 in Invocations
  4062 | D:5      | Gained mutation: You regenerate magic rapidly. [demonic
                  | ancestry]
  4062 | D:5      | Reached XP level 9. HP: 61/71 MP: 14/14
  4496 | D:5      | Found a runed translucent door.
  4497 | D:5      | Noticed Crazy Yiuf
  4823 | D:5      | Killed Crazy Yiuf
  4971 | D:6      | Found a shimmering blue altar of Sif Muna.
  4972 | D:6      | Found a hazy altar of Hepliaklqana.
  5063 | D:6      | Reached **** piety under Lugonu
  5154 | D:6      | Found a staircase to the Ecumenical Temple.
  5279 | D:6      | Found Sitt's General Store.
  5325 | D:6      | Acquired 791 gold pieces
  5329 | D:6      | Found an ancient bone altar of Kikubaaqudgha.
  5641 | D:7      | Reached skill level 5 in Shields
  5647 | D:7      | Reached skill level 8 in Invocations
  6276 | D:8      | Identified the +5 ring mail of Narcissism {Str+2}
  6314 | D:8      | Gained mutation: You regenerate health from kills. [demonic
                  | ancestry]
  6314 | D:8      | Reached XP level 10. HP: 34/79 MP: 16/16
  7108 | D:9      | Reached skill level 9 in Invocations
  7165 | D:9      | Noticed a two-headed ogre
  7183 | D:9      | Banished a two-headed ogre
  7238 | D:9      | Found a staircase to the Lair.
  7778 | D:9      | Noticed Prince Ribbit
  7797 | D:9      | Slain by Prince Ribbit

Illustrated notes

Levels and vault maps discovered:
D:1:      wander_arrival_fairy_ring, layout_basic, minmay_misc_feat_chi,
          minmay_misc_feat_columns, amcnicky_mini_corridor_feature
D:2:      layout_basic, chequers_ecumenical_altar_grove, minmay_goblin_outpost
D:3:      layout_basic, nicolae_overflow_crystal_walls,
          okawaru_altar_gauntlet_db, corexii_item_surrounded_by_moat,
          fountainhead, dk_noncrumbling_3, kennysheep_potato, uniq_ijyb,
          uniq_terence
D:4:      layout_loops_corners, mainiacjoe_overflow_large_starburst,
          serial_shops, shop, kennysheep_flooded_box
D:5:      layout_cave_pools, mainiacjoe_overflow_chevrons,
          serial_co_window_serial, co_window_corner_a, co_window_corner_a,
          co_window_corner_a, co_window_cross_1, co_window_paths_b,
          co_window_of_opportunity_c, co_window_corner_b, co_window_corner_cb,
          co_window_broadway_b, co_window_paths_e, co_window_sun,
          glass_columns_b, minmay_joined_circles, uniq_eustachio,
          uniq_crazy_yiuf_cottage, uniq_pikel
D:6:      layout_basic, lemuel_crystal_altar, nicolae_overflow_hidden_temple,
          minmay_temple_entry_wispy, serial_shops, nicolae_shop_window_shopping
D:7:      layout_basic
D:8:      layout_cave_pods
D:9:      layout_gridville, mainiacjoe_overflow_six_doors_small,
          erik_lair_orcish_takeover, minivault_21, uniq_prince_ribbit1

Skill      XL: |  1  2  3  4  5  6  7  8  9 10 |
---------------+-------------------------------+-----
Dodging        | 1 2 3 4 |  4.6
Armour         | 2 3 4 5 6 7 |  7.1
Long Blades    | 2 3 4 5 6 7 |  7.0
Invocations    | 3 4 5 7 8 9 |  9.6
Evocations     | 1 2 3 4 |  4.9
Shields        | 1 2 3 4 5 6 |  6.3
Fighting       | 4 5 6 7 |  7.7

Action                   |  1- 3 |  4- 6 |  7- 9 | 10-12 || total
-------------------------+-------+-------+-------+-------++-------
Melee: Falchion          |   134 |   148 |   378 |   268 ||   928
       Touch             |       |    28 |     8 |       ||    36
Invok: Depart the Abyss  |     1 |       |       |       ||     1
       Bend Space        |       |       |       |     1 ||     1
       Banish            |       |       |       |     1 ||     1
  Use: Scroll            |     4 |     8 |    10 |     1 ||    23
       Potion            |       |       |     3 |     1 ||     4
 Stab: Sleeping          |     3 |     3 |     1 |       ||     7
       Invisible         |       |       |     2 |       ||     2
Armor: Leather armour    |    63 |    74 |   125 |    60 ||   322
       Plate armour      |       |       |       |    39 ||    39
Dodge: Dodged            |    96 |    92 |   198 |   124 ||   510
Block: Buckler           |       |       |    81 |    59 ||   140

Table legend: (Time is in decaauts)
 A = Elapsed time spent in this place.
 B = Non-inter-level travel time spent in this place.
 C = Inter-level travel time spent in this place.
 D = Time resting spent in this place.
 E = Time spent auto-exploring this place.
 F = Levels seen in this place.
 G = Mean time per level.
                   A        B        C        D        E       F      G
               +--------+--------+--------+--------+--------+-----+--------+
         Total |   7845 |   7531 |    314 |    231 |   4694 |  11 |  713.2 |
       Dungeon |   7726 |   7412 |    314 |    231 |   4694 |   9 |  858.4 |
         Abyss |    118 |    118 |      0 |      0 |      0 |   2 |   59.0 |
               +--------+--------+--------+--------+--------+-----+--------+

Top non-repeatable levels by time:
     D:5: 1617 daAuts
     D:8: 1236 daAuts
     D:3: 899 daAuts
     D:4: 858 daAuts
     D:2: 811 daAuts
     D:7: 659 daAuts
     D:1: 638 daAuts
     D:6: 593 daAuts
     D:9: 412 daAuts
 Abyss:1: 72 daAuts
 Abyss:2: 46 daAuts
